Map: 2000 Atmospheres LE

Players

SKillous - Winner!

  • Race: Protoss Protoss
  • League: Grandmaster

Geralt (Gerald)

  • Race: Protoss Protoss
  • League: Grandmaster

Event: DreamHack SC2 Masters 2021 Summer

VOD

Have the link to the VOD?

Description

Time

  • Played on: May 25, 2021, 1:23 p.m.
  • Length: 9:35

All games in this series

Show
View Real Time Build Order
Export as new Build Order

SKillous Protoss - Winner!

Build Orders: Zealot Archon 

Get SALT Encoding   

  12  0:00  Probe  
  13  0:12  Probe  
  14  0:18  Pylon  
  14  0:24  Probe (Chrono Boost)  
  15  0:36  Probe (Chrono Boost)  
  15  0:37  Gateway  
  16  0:45  Probe (Chrono Boost)  
  16  0:46  Assimilator  
  17  0:50  Probe  
  17  0:55  Assimilator  
  18  1:03  Probe (Chrono Boost)  
  19  1:08  Gateway  
  19  1:13  Probe (Chrono Boost)  
  19  1:18  Probe  
  20  1:25  Cybernetics Core  
  21  1:30  Probe  
  22  1:35  Pylon  
  22  1:42  Probe  
  23  1:54  Probe  
  24  2:01  Stalker x2  
  24  2:04  Warp Gate  
  24  2:06  Probe  
  29  2:11  Pylon  
  29  2:18  Probe  
  30  2:24  Pylon  
  30  2:30  Probe  
  30  2:32  Sentry  
  35  2:40  Sentry  
  35  2:43  Probe  
  36  2:54  Nexus  
  36  2:57  Probe  
  36  3:03  Stalker  
  38  3:08  Pylon  
  38  3:14  Shield Battery  
  38  3:16  Probe  
  39  3:27  Shield Battery  
  39  3:28  Probe  
  40  3:36  Twilight Council  
  40  3:40  Probe  
  41  3:52  Probe (Chrono Boost)  
  41  3:53  Shield Battery  
  42  3:57  Stalker x2  
  46  4:04  Probe (Chrono Boost)  
  46  4:08  Probe (Chrono Boost)  
  48  4:11  Blink (Chrono Boost)  
  48  4:14  Probe (Chrono Boost)  
  48  4:16  Probe (Chrono Boost)  
  50  4:20  Probe (Chrono Boost), Forge  
  52  4:25  Probe (Chrono Boost)  
  52  4:30  Probe (Chrono Boost)  
  53  4:31  Robotics Facility  
  53  4:35  Probe x2 (Chrono Boost)  
  55  4:40  Assimilator  
  55  4:41  Shield Battery  
  55  4:44  Probe, Protoss Ground Weapons Level 1 (Chrono Boost)  
  56  4:56  Nexus  
  56  5:02  Pylon  
  56  5:04  Shield Battery  
  56  5:06  Stalker  
  58  5:11  Stalker  
  60  5:15  Probe  
  60  5:16  Probe  
  62  5:26  Observer  
  62  5:28  Probe  
  64  5:30  Probe, Gateway  
  64  5:33  Gateway  
  64  5:34  Stalker  
  67  5:36  Gateway  
  67  5:40  Probe  
  67  5:41  Stalker  
  70  5:47  Pylon  
  70  5:56  Pylon  
  70  6:05  Probe x2  
  70  6:09  Probe  
  70  6:10  Stalker x2  
  73  6:12  Charge  
  73  6:15  Gateway  
  73  6:16  Gateway  
  73  6:17  Probe x2  
  73  6:18  Observer  
  75  6:21  Probe  
  75  6:24  Shield Battery  
  75  6:25  Protoss Ground Weapons Level 2 (Chrono Boost)  
  76  6:29  Probe x2  
  76  6:32  Gateway  
  78  6:33  Probe  
  78  6:34  Templar Archives  
  79  6:41  Probe  
  79  6:44  Probe  
  79  6:46  Probe  
  82  6:47  Assimilator  
  82  6:52  Pylon  
  82  6:53  Probe  
  83  6:55  Gateway x2  
  83  6:56  Assimilator  
  83  6:58  Warp Prism (Chrono Boost)  
  85  7:04  Stalker  
  83  7:11  Observer  
  83  7:14  Probe x2  
  83  7:15  Probe  
  84  7:20  High Templar x2  
  84  7:21  Zealot x4  
  96  7:24  Archon  
  96  7:26  Probe  
  96  7:28  Pylon  
  96  7:29  Probe x2  
  99  7:31  Photon Cannon  
  100  7:48  High Templar x2  
  100  7:49  Zealot x4, Pylon  
  111  7:53  Archon  
  111  7:57  Nexus  
  111  7:58  Pylon  
  111  8:08  Zealot x3  
  111  8:09  Zealot  
  111  8:11  Zealot x3  
  123  8:25  Pylon  
  121  8:27  High Templar x2  
  121  8:28  Zealot x2  
  121  8:30  Zealot  
  121  8:31  Zealot  
  121  8:32  Archon  
  133  8:35  Pylon  
  133  8:40  Observer  
  104  8:49  Zealot x6  
  104  8:54  Observer  
  104  8:59  Zealot x2  
  104  9:01  Zealot x2  
  90  9:14  Stalker x4  
  98  9:20  Photon Cannon  
  98  9:23  Zealot x4  
  99  9:29  Photon Cannon  
Show
View Real Time Build Order
Export as new Build Order

Geralt Protoss 

Build Orders: Blink Stalkers 

Get SALT Encoding   

  12  0:00  Probe  
  13  0:12  Probe  
  14  0:17  Pylon  
  14  0:24  Probe (Chrono Boost)  
  15  0:35  Gateway  
  15  0:38  Probe (Chrono Boost)  
  16  0:43  Probe (Chrono Boost)  
  16  0:47  Assimilator  
  17  0:52  Probe (Chrono Boost)  
  17  0:55  Assimilator  
  18  1:04  Probe (Chrono Boost)  
  18  1:09  Gateway  
  19  1:13  Probe (Chrono Boost)  
  20  1:21  Probe  
  20  1:24  Cybernetics Core  
  21  1:33  Probe  
  21  1:37  Pylon  
  22  1:46  Probe  
  23  1:58  Probe  
  23  1:59  Warp Gate (Chrono Boost)  
  24  2:02  Adept  
  24  2:03  Adept  
  28  2:10  Probe  
  29  2:19  Pylon  
  29  2:22  Probe  
  30  2:25  Pylon  
  30  2:37  Stalker x2  
  33  2:45  Probe  
  34  2:57  Nexus  
  34  2:59  Probe  
  35  3:12  Probe, Shield Battery  
  36  3:22  Twilight Council  
  36  3:24  Probe  
  37  3:29  Shield Battery  
  37  3:38  Probe (Chrono Boost), Pylon  
  38  3:46  Forge  
  38  3:48  Probe (Chrono Boost)  
  39  3:54  Probe  
  39  3:58  Blink (Chrono Boost)  
  41  4:10  Probe x2 (Chrono Boost)  
  41  4:14  Sentry x2  
  46  4:18  Protoss Ground Weapons Level 1  
  46  4:21  Probe (Chrono Boost)  
  46  4:22  Probe (Chrono Boost)  
  48  4:27  Robotics Facility  
  48  4:31  Probe (Chrono Boost)  
  50  4:33  Probe (Chrono Boost)  
  50  4:36  Probe (Chrono Boost)  
  51  4:41  Probe  
  52  4:50  Nexus  
  52  4:52  Probe  
  53  4:57  Stalker  
  55  5:04  Gateway  
  55  5:08  Stalker  
  55  5:11  Pylon  
  55  5:13  Assimilator  
  57  5:16  Observer (Chrono Boost)  
  58  5:26  Probe x2, Stalker  
  62  5:28  Gateway  
  62  5:29  Gateway  
  62  5:35  Stalker  
  64  5:38  Probe  
  64  5:39  Probe  
  66  5:50  Immortal (Chrono Boost)  
  66  5:54  Pylon  
  70  6:00  Probe x2 (Chrono Boost)  
  70  6:08  Probe (Chrono Boost)  
  70  6:11  Charge  
  71  6:15  Gateway  
  71  6:17  Probe x2 (Chrono Boost), Gateway, Stalker, Adept  
  71  6:18  Observer, Probe (Chrono Boost)  
  78  6:23  Protoss Ground Weapons Level 2 (Chrono Boost), Stalker  
  78  6:24  Probe x2 (Chrono Boost)  
  82  6:27  Observer (Chrono Boost), Probe  
  84  6:37  Gateway  
  84  6:38  Probe, Pylon  
  85  6:43  Probe  
  86  6:47  Shield Battery, Stalker x2  
  86  6:52  Pylon  
  90  7:00  Warp Prism  
  92  7:03  Probe, Phoenix  
  93  7:13  Gateway x2  
  89  7:15  Pylon  
  89  7:17  Probe, Pylon  
  89  7:18  Dark Shrine  
  89  7:19  Probe x2  
  89  7:20  Assimilator  
  92  7:25  Photon Cannon  
  92  7:27  Pylon  
  92  7:30  Pylon  
  92  7:33  Zealot x3  
  98  7:48  Zealot x5  
  108  7:57  Nexus  
  108  7:59  Pylon  
  102  8:06  Observer, Zealot x3  
  102  8:11  Zealot x3  
  114  8:32  Dark Templar  
  114  8:33  Dark Templar x4  
  114  8:34  Dark Templar  
  128  8:37  Zealot x3  
  125  8:47  Archon  
  109  8:50  Archon  
  92  8:57  Zealot x4  
  76  9:10  Zealot x6  
  82  9:19  Zealot x4  
Tags
 
Add a new tag
Caveats
  • Supply blocks, unpowered buildings, or Contaminate may cause inaccurate times.
  • Supply counts are checked every 10 seconds.